 Dungeon Crawl Stone Soup version 0.19-a0-36-g4a0968a (webtiles) character file.

70 Mefis the Magician (level 4, 0/24 HPs)
             Began as a Deep Elf Wizard on May 3, 2016.
             Slain by a sky beast (6 damage)
             ... on level 3 of the Dungeon.
             The game lasted 00:08:35 (2129 turns).

Mefis the Magician (Deep Elf Wizard)                Turns: 2129, Time: 00:08:36

Health: 0/24       AC:  5    Str:  4    XL:     4   Next: 3%
Magic:  9/13       EV: 13    Int: 24    God:
Gold:   140        SH:  0    Dex: 13    Spells: 6 memorised, 0 levels left

rFire  . . .     SeeInvis .     s - -2 mace (curse)
rCold  . . .     Gourm    .     a - +0 robe
rNeg   . . .     Faith    .     (no shield)
rPois  .         Spirit   .     e - +0 helmet
rElec  .         Dismiss  .     i - +0 cloak
rCorr  .         Reflect  .     x - +0 pair of gloves
SustAt .         Harm     .     (no boots)
MR     .....                    (no amulet)
Stlth  ++........               (no ring)
                                (no ring)

@: repel missiles, not resistant to hostile enchantments, unstealthy
A: no striking features
a: no special abilities


You were on level 3 of the Dungeon.
You were hungry.

You visited 1 branch of the dungeon, and saw 3 of its levels.

You collected 140 gold pieces.

Inventory:

Hand Weapons
 k - a +1 dagger
 s - a cursed -2 mace (weapon)
Missiles
 h - 36 arrows
 j - a throwing net (quivered)
 p - 14 javelins
Armour
 a - a +0 robe (worn)
 b - a +0 hat
 e - a +0 helmet (worn)
 i - a +0 cloak (worn)
 x - a +0 pair of gloves (worn)
Scrolls
 f - a scroll of enchant weapon
 l - 2 scrolls of teleportation
 m - a scroll of blinking {unknown}
 r - a scroll of immolation
 u - a scroll of amnesia {unknown}
 w - a scroll of remove curse {unknown}
 y - 2 scrolls of fear {unknown}
 A - a scroll of identify
 B - a scroll of recharging {unknown}
 C - a scroll of magic mapping
Potions
 n - a potion of brilliance {unknown}
 o - 2 potions of might {unknown}
 q - a potion of curing {unknown}
 t - a potion of agility {unknown}
 v - 2 potions of mutation {unknown}
Books
 c - a book of Minor Magic

   Spells                             Type                      Level
   a - Magic Dart                     Conjuration                  1
   b - Blink                          Translocation                2
   c - Call Imp                       Summoning                    2
   d - Repel Missiles                 Charms/Air                   2
   e - Slow                           Hexes                        2
   f - Conjure Flame                  Conjuration/Fire             3
   g - Mephitic Cloud                 Conjuration/Poison/Air       3
Comestibles
 d - a bread ration
 g - 4 meat rations


   Skills:
 + Level 3.2 Dodging
 + Level 3.3 Stealth
 + Level 5.1 Spellcasting
 + Level 2.1 Conjurations
 + Level 0.8 Charms
 + Level 1.4 Summonings
 + Level 1.1 Translocations
 + Level 0.2 Fire Magic
 + Level 0.0 Poison Magic


You couldn't memorise any spells.
You knew the following spells:

 Your Spells              Type           Power        Failure   Level  Hunger
a - Magic Dart            Conj           ###.         4%          1    None
b - Call Imp              Summ           ##......     10%         2    None
c - Blink                 Tloc           N/A          12%         2    None
d - Repel Missiles        Chrm/Air       #.....       12%         2    None
e - Mephitic Cloud        Conj/Pois/Air  #.......     24%         3    ##.....
f - Conjure Flame         Conj/Fire      ##......     21%         3    ##.....


Dungeon Overview and Level Annotations

Branches:
Dungeon (3/15)

Altars:
Kikubaaqudgha
Qazlal


Message History

The sky beast closely misses you.
Casting: Magic Dart
Confirm with . or Enter, or press ? or * to list all spells.
Aiming: Magic Dart
Press: ? - help, Shift-Dir - straight line, f/p - sky beast
Aim: a sky beast (heavily wounded)
The magic dart hits the sky beast.
The sky beast is heavily wounded.
The sky beast hits you. The sky beast shocks you.
Casting: Magic Dart
Confirm with . or Enter, or press ? or * to list all spells.
Aiming: Magic Dart
Press: ? - help, Shift-Dir - straight line, f/p - sky beast
Aim: a sky beast (heavily wounded)
The magic dart hits the sky beast.
The sky beast is heavily wounded.
The sky beast hits you.
* * * LOW HITPOINT WARNING * * *
The sky beast shocks you.
You die...

## ##########.#
...........#
......Y@.#
########.#
###############
#.#
#.............#
#.#
#........####.#
#.# #........#
#.# #.#
#........# #.#
#.# #........#
#.# #.#
#..>.....# #.#
#.#


You could see a sky beast.

Vanquished Creatures
  2 adders (D:2)
  2 worms
  4 giant cockroaches (D:1)
  4 goblins
  5 hobgoblins
  7 kobolds
  5 bats
  2 giant newts
  6 rats
37 creatures vanquished.

Vanquished Creatures (collateral kills)
  2 worms (D:2)
  4 orcs (D:3)
  A giant cockroach (D:2)
  A goblin (D:2)
  2 hobgoblins
  2 rats
12 creatures vanquished.

Grand Total: 49 creatures vanquished

Notes
Turn   | Place    | Note
--------------------------------------------------------------
     0 | D:1      | Mefis the Deep Elf Wizard began the quest for the Orb.
     0 | D:1      | Reached XP level 1. HP: 10/10 MP: 7/7
   274 | D:1      | Reached XP level 2. HP: 15/15 MP: 6/9
   278 | D:1      | Learned a level 2 spell: Call Imp
   281 | D:1      | Learned a level 2 spell: Blink
   284 | D:1      | Learned a level 2 spell: Repel Missiles
   875 | D:2      | Reached skill level 5 in Spellcasting
   875 | D:2      | Reached XP level 3. HP: 19/19 MP: 2/11
   880 | D:2      | Learned a level 3 spell: Mephitic Cloud
  1743 | D:3      | Found a stormy altar of Qazlal.
  1986 | D:3      | Reached XP level 4. HP: 24/24 MP: 4/13
  1991 | D:3      | Learned a level 3 spell: Conjure Flame
  2065 | D:3      | Found an ancient bone altar of Kikubaaqudgha.
  2123 | D:3      | Noticed a sky beast
  2129 | D:3      | Slain by a sky beast

Vault maps used:
D:1:      wheals_arrival_shading
D:3:      grunt_temple_overflow_forces_of_nature,
          grunt_temple_overflow_lords_of_destruction, marbit_many_paths,
          uniq_iyjb

Skill      XL: |  1  2  3 |
---------------+----------+-----
Stealth        | 3 |  3.3
Spellcasting   | 5 |  5.1
Dodging        | 3 |  3.2
Conjurations   | 2 |  2.1
Charms         | |  0.8
Summonings     | |  1.4
Translocations | |  1.1
Fire Magic     | |  0.2

Action                   |  1- 3 |  4- 6 || total
-------------------------+-------+-------++-------
Melee: Dagger            |     3 |       ||     3
       Mace              |    10 |     1 ||    11
 Cast: Magic Dart        |    86 |    10 ||    96
       Call Imp          |    13 |       ||    13
       Repel Missiles    |     2 |       ||     2
  Use: Scroll            |     4 |       ||     4
 Stab: Sleeping          |     5 |     1 ||     6
  Eat: Chunk             |     3 |       ||     3
Armor: Robe              |    13 |     1 ||    14
Dodge: Dodged            |    36 |     3 ||    39
       Deflected         |     4 |       ||     4
